Map: Seeds of Aiur

Players

Erfeyah - Winner!

  • Race: Terran Terran
  • Spawn Location: 1:00

VOD

Have the link to the VOD?

Description

Time

  • Played on: Nov. 27, 2017, 1:55 p.m.
  • Length: 7:05
Show
View Real Time Build Order
Export as new Build Order

Erfeyah Terran - Winner!

Build Orders:  

Get SALT Encoding   

  12  0:03  SCV  
  12  0:15  SCV  
  12  0:27  SCV  
  12  0:30  Supply Depot  
  12  0:52  SCV  
  12  0:54  Supply Depot  
  12  1:04  SCV  
  12  1:13  Supply Depot  
  12  1:16  SCV  
  12  1:24  Supply Depot  
  12  1:28  SCV  
  12  1:37  Supply Depot  
  12  1:40  SCV  
  12  1:49  Supply Depot  
  12  1:52  SCV  
  12  2:00  Supply Depot  
  12  2:04  SCV  
  12  2:20  Supply Depot  
  12  2:22  SCV  
  12  2:28  Supply Depot  
  12  2:34  SCV  
  12  2:38  Supply Depot  
  12  2:46  SCV  
  12  2:48  Supply Depot  
  12  2:58  SCV  
  12  3:03  Supply Depot  
  12  3:10  SCV  
  12  3:14  Supply Depot  
  12  3:22  SCV  
  12  3:34  SCV  
  12  3:43  Barracks  
  12  3:46  SCV  
  12  3:57  Barracks  
  12  3:58  SCV  
  12  4:04  Supply Depot  
  12  4:11  SCV  
  12  4:23  SCV  
  12  4:28  Supply Depot  
  12  4:35  SCV  
  12  4:41  Marine, Supply Depot  
  12  4:47  SCV  
  12  4:51  Supply Depot  
  12  4:57  Marine  
  12  4:59  Marine  
  12  5:00  SCV  
  12  5:05  Supply Depot  
  12  5:13  SCV, Supply Depot  
  12  5:17  Marine  
  12  5:45  SCV  
  12  5:47  Marine  
  12  5:57  Supply Depot  
  12  5:59  SCV  
  12  6:04  Marine  
  12  6:11  SCV  
  12  6:12  Supply Depot  
  12  6:22  Marine  
  12  6:23  SCV  
  12  6:28  Supply Depot  
  12  6:38  SCV  
  12  6:40  Marine  
  12  6:51  Supply Depot  
Tags
 
Add a new tag
Caveats
  • Supply blocks, unpowered buildings, or Contaminate may cause inaccurate times.
  • Supply counts are checked every 10 seconds.